 Dungeon Crawl Stone Soup version 0.28.0-53-g5a82cb258f (webtiles) character file.

Game seed: 11560777512830339042

230 issech the Chopper (level 5, -1/47 HPs)
             Began as a Minotaur Monk on June 8, 2022.
             Killed by nerve-wracking pain
             ... invoked by Grinder
              (8 damage)
             ... while paralysed by Grinder
             ... on level 4 of the Dungeon.
             The game lasted 00:06:42 (3619 turns).

issech the Chopper (Minotaur Monk)                  Turns: 3619, Time: 00:06:42

Health: -1/47      AC:  8    Str: 16    XL:     5   Next: 72%
Magic:  13/13      EV:  2    Int:  7    God:
Gold:   91         SH:  0    Dex: 14    Spells: 4/4 levels left

rFire   . . .      SeeInvis .   k - +2 war axe "Cakoleku" {freeze, MP+9}
rCold   . . .      Faith    .   (no shield)
rNeg    . . .      Spirit   .   j - +0 chain mail
rPois   .          Reflect  .   (helmet restricted)
rElec   .          Harm     .   (no cloak)
rCorr   .          Rampage  .   (no gloves)
Will    .....                   (no boots)
Stlth   ..........              (no amulet)
HPRegen 0.15/turn               (no ring)
MPRegen 0.13/turn               (no ring)

@: paralysed
A: horns 2, retaliatory headbutt
a: no special abilities


You were on level 4 of the Dungeon.
You visited 1 branch of the dungeon, and saw 4 of its levels.

You collected 91 gold pieces.

Inventory:

Hand Weapons
 a - a +0 hand axe
 d - a +0 hunting sling
 k - the +2 war axe "Cakoleku" (weapon) {freeze, MP+9}
   (You found it on level 2 of the Dungeon)

   It freezes those it strikes, dealing additional cold damage.
   It can also slow down cold-blooded creatures.
   MP:        It affects your magic capacity (+9).
 n - a +0 flail of draining
Missiles
 b - 26 sling bullets
 c - 241 stones (quivered)
 f - 33 arrows
 q - 14 bolts
Armour
 j - a +0 chain mail (worn)
Jewellery
 r - a ring of protection from fire
Scrolls
 e - 2 scrolls of immolation {unknown}
 h - a scroll of acquirement {unknown}
 m - a scroll of fog {unknown}
 o - a scroll of identify {unknown}
 p - a scroll of enchant armour {unknown}
Potions
 g - a potion of resistance {unknown}
 i - a potion of heal wounds {unknown}
 l - 2 potions of haste {unknown}
 s - a potion of lignification {unknown}


   Skills:
 + Level 4.5 Fighting
 + Level 5.9 Axes
 + Level 2.4 Armour
 + Level 4.1 Dodging
 + Level 2.1 Stealth


You had 4 spell levels left.
You didn't know any spells.
Your spell library was empty.

Dungeon Overview and Level Annotations

Branches:
Dungeon (4/15)
 Temple: D:4-7

Altars:

Annotations:
D:4 Grinder


Innate Abilities, Weirdness & Mutations

You have a pair of horns on your head.
You reflexively headbutt those who attack you in melee.


Message History

There is a stone staircase leading up here.
You climb upwards.
There is a stone staircase leading down here.
You start resting.
HP restored.
You climb downwards.
Level annotation: Grinder Grinder blinks!
There is a stone staircase leading up here.
Found a stone staircase leading down.
You see here a lumpy amethyst potion.
Found a fuming cyan potion.
You see here a lumpy amethyst potion.
s - a lumpy amethyst potion Grinder gestures at you.
Pain shoots through your body! Grinder gestures at you.
Pain shoots through your body!
Grinder says, "Wait up."
Grinder hits you but does no damage.
There is a stone staircase leading up here.
You slash Grinder! You headbutt Grinder, but do no damage.
Grinder is lightly wounded.
Grinder hits you but does no damage.
You hit Grinder.
Grinder is moderately wounded.
Grinder rolls her eyes.
Grinder hits you.
You writhe in agony.
Grinder says, "I used to sell toenails on the black market."
Grinder gestures at you.
You suddenly lose the ability to move!
Grinder hits you!
You writhe in agony.
* * * LOW HITPOINT WARNING * * *
Grinder hits you.
* * * LOW HITPOINT WARNING * * *
You writhe in agony.
* * * LOW HITPOINT WARNING * * *
Grinder gestures at you. Pain shoots through your body!
You die...

.. ##.....##...#
#.####......##...#
##...........5.....
#.....##......###..
####.........###.# #..
#..?........####.###.<
#.#..............#...##.
......#..........###....
.......@5........##...##
#######..........##.....
##8###8#.........?.......
.............?....#......
!............(...........
.>....#..................
.####.####......#.##..#.#
# ..###.##.##.##.# ## ..
#>....


You could see Grinder.

Vanquished Creatures
  A scorpion (D:4)
  A hound (D:3)
  An iguana (D:4)
  2 adders (D:2)
  An ufetubus (D:4)
  3 worms
  4 dart slugs
  3 orcs (D:3)
  5 bats
  9 endoplasms
  2 giant cockroaches
  8 goblins
  5 hobgoblins
  5 jackals
  5 kobolds
  6 ball pythons
  4 frilled lizards
  9 rats
74 creatures vanquished.

Notes
Turn   | Place    | Note
-------+----------+-------------------------------------------
     0 | D:1      | issech the Minotaur Monk began the quest for the Orb.
     0 | D:1      | Reached XP level 1. HP: 19/19 MP: 0/0
   109 | D:1      | Found a faded altar of an unknown god.
   199 | D:1      | Reached XP level 2. HP: 27/27 MP: 1/1
   410 | D:1      | Reached skill level 4 in Axes
   838 | D:1      | Reached XP level 3. HP: 30/33 MP: 2/2
  1545 | D:2      | Reached XP level 4. HP: 39/40 MP: 3/3
  1652 | D:2      | Identified the +2 war axe "Cakoleku" {freeze, MP+9}
  2564 | D:3      | Reached skill level 5 in Axes
  2564 | D:3      | Reached skill level 1 in Armour
  2901 | D:4      | Reached XP level 5. HP: 44/47 MP: 4/4
  3137 | D:4      | Noticed Grinder
  3153 | D:4      | Paralysed by Grinder for 3 turns
  3526 | D:4      | Paralysed by Grinder for 5 turns
  3616 | D:4      | Paralysed by Grinder for 4 turns
  3619 | D:4      | Killed from afar by Grinder

Illustrated notes

Levels and vault maps discovered:
D:1:      minmay_arrival_shattered_statue, layout_loops_corners,
          basic_ecumenical_altar, minmay_tromino_v4_c
D:2:      layout_rooms
D:3:      layout_basic, grunt_ministairs_1
D:4:      layout_rooms, serial_corexii_hall, corexii_hall_statues_u,
          chequers_hall_statues_wall_a, uniq_grinder

Skill      XL: |  1  2  3  4  5 |
---------------+----------------+-----
Axes           | 4 5 |  5.9
Fighting       | 4 |  4.5
Stealth        | 2 |  2.1
Dodging        | 4 |  4.1
Armour         | 1 2 |  2.4

Action                   |  1- 3 |  4- 6 || total
-------------------------+-------+-------++-------
Melee: Hand axe          |    77 |    14 ||    91
       Headbutt          |    11 |     7 ||    18
       War axe           |       |    53 ||    53
       Punch             |       |     2 ||     2
 Stab: Sleeping          |     5 |       ||     5
Armor: Robe              |    25 |       ||    25
       Chain mail        |    12 |    38 ||    50
Dodge: Dodged            |    50 |    26 ||    76
